 Dungeon Crawl Stone Soup version 0.31-a0-180-g519b7de00c (webtiles) character file.

Game seed: 11937794024343185461

95 rabbitsville the Shooter (level 4, -4/37 HPs)
             Began as a Barachi Hunter on June 20, 2023.
             Killed by nerve-wracking pain
             ... invoked by Grinder
              (13 damage)
             ... on level 3 of the Dungeon.
             The game lasted 00:04:05 (1934 turns).

rabbitsville the Shooter (Barachi Hunter)           Turns: 1934, Time: 00:04:06

Health: -4/37      AC:  3    Str: 13    XL:     4   Next: 66%
Magic:  4/4        EV: 13    Int:  9    God:
Gold:   259        SH:  0    Dex: 17    Spells: 3/3 levels left

rFire   . . .        a - +0 shortbow
rCold   . . .        (shield currently unavailable)
rNeg    . . .        c - +0 leather armour
rPois   .            (no helmet)
rElec   .            (no cloak)
rCorr   .            (no gloves)
SInv    .            (no boots)
Will    .....        f - amulet of the acrobat
Stlth   ++           (no ring)
HPRegen 0.26/turn    (no ring)
MPRegen 0.09/turn

%: acrobat
@: brilliant, unable to hop, slow
A: amphibious, slowness 1, strong legs 1, +LOS
a: Hop


You were on level 3 of the Dungeon.
You visited 1 branch of the dungeon, and saw 3 of its levels.

You collected 259 gold pieces.

Inventory:

Hand Weapons
 a - a +0 shortbow (weapon)
Armour
 c - a +0 leather armour (worn)
Jewellery
 f - an amulet of the acrobat (around neck)
Scrolls
 b - a scroll of butterflies
 e - 5 scrolls of identify {unknown}
 j - 3 scrolls of amnesia {unknown}
 l - a scroll of enchant weapon {unknown}
 o - a scroll of summoning {unknown}
 p - 2 scrolls of fear {unknown}
 q - a scroll of blinking {unknown}
 r - a scroll of torment {unknown}
Potions
 d - 2 potions of brilliance
 g - a potion of heal wounds {unknown}
 h - a potion of mutation {unknown}
 i - 2 potions of attraction {unknown}
 k - 2 potions of enlightenment {unknown}
 m - a potion of haste {unknown}
 n - 3 potions of curing {unknown}


   Skills:
 + Level 3.9 Fighting
 + Level 4.6 Ranged Weapons
 + Level 3.4 Dodging
 - Level 0.8 Stealth


You had 3 spell levels left.
You didn't know any spells.
Your spell library contained the following spells:

 Spells                   Type           Power      Damage    Failure   Level
 Beastly Appendage        Tmut           0%         N/A       45%         1
 Summon Small Mammal      Summ           0%         N/A       45%         1
 Ensorcelled Hibernation  Hex/Ice        0%         N/A       61%         2
 Passwall                 Tmut/Erth      0%         N/A       61%         2
 Wereblood                Tmut           0%         N/A       61%         2
 Call Canine Familiar     Summ           0%         N/A       83%         3
 Spider Form              Tmut/Pois      0%         N/A       83%         3
 Summon Guardian Golem    Hex/Summ       0%         N/A       83%         3
 Swiftness                Air            0%         N/A       83%         3


Dungeon Overview and Level Annotations

Branches:
Dungeon (3/15)

Altars:

Annotations:
D:3 Grinder


Innate Abilities, Weirdness & Mutations

You are amphibious.
You cover ground slowly.
You can hop short distances.
You have an extended range of vision and can be seen from far away.


Message History

Grinder gestures at you.
You barely resist.
Fire: a) +0 shortbow
Press: ? - help, Q - select action, (/) - cycle Shift-Dir - straight line, f/p - Grinder
Aim: Grinder (60% to hit)
You shoot an arrow. The arrow barely misses Grinder.
Fire: a) +0 shortbow
Press: ? - help, Q - select action, (/) - cycle Shift-Dir - straight line, f - orc, p - Grinder
Aim: an orc, wielding a +0 mace and wearing a +0 leather armour (63% to hit)
You shoot an arrow. The arrow barely misses Grinder.
The arrow barely misses the orc.
Grinder closely misses you.
Fire: a) +0 shortbow
Press: ? - help, Q - select action, (/) - cycle Shift-Dir - straight line, f/p - orc
Aim: an orc, wielding a +0 mace and wearing a +0 leather armour (63% to hit)
You shoot an arrow. The arrow hits Grinder.
Grinder is lightly wounded.
Grinder hits you!
You writhe in agony.
Fire: a) +0 shortbow
Press: ? - help, Q - select action, (/) - cycle Shift-Dir - straight line, f/p - orc
Aim: an orc, wielding a +0 mace and wearing a +0 leather armour (63% to hit)
You shoot an arrow. The arrow hits Grinder.
Grinder is lightly wounded.
Grinder gestures at you. You resist with significant effort.
Grinder closely misses you.
Fire: a) +0 shortbow
Press: ? - help, Q - select action, (/) - cycle Shift-Dir - straight line, f - orc priest, p - orc
Aim: an orc priest, wielding a +0 club (63% to hit)
You shoot an arrow. The arrow hits Grinder!
Grinder is heavily wounded.
Grinder says, "Don't move a muscle."
Grinder hits you.
You writhe in agony.
The orc priest invokes the aid of Beogh against you.
Beogh smites you!
* * * LOW HITPOINT WARNING * * *
It was a potion of brilliance.
You feel clever all of a sudden. Grinder gestures at you.
Pain shoots through your body!
You die...

#......##.r..o....##
#....).#....###.r..#
#####.##...##y##...
#.# ...###.o. #.#
....... #.# .....
#.## .5. #..######'#
##@5o..##.#
#####.o..# ######


You could see Grinder, an orc priest and an orc.

Vanquished Creatures
  3 adders
  A worm (D:2)
  A dart slug (D:2)
  2 orcs (D:3)
  4 bats
  6 endoplasms
  3 giant cockroaches (D:1)
  3 goblins (D:1)
  8 hobgoblins
  5 kobolds
  5 quokkas
  5 ball pythons
  2 frilled lizards (D:1)
  6 rats
54 creatures vanquished.

Notes
Turn   | Place    | Note
-------+----------+-------------------------------------------
     0 | D:1      | rabbitsville the Barachi Hunter began the quest for the
                  | Orb.
     0 | D:1      | Reached XP level 1. HP: 17/17 MP: 1/1
   159 | D:1      | Reached XP level 2. HP: 23/23 MP: 2/2
   439 | D:1      | Reached XP level 3. HP: 29/29 MP: 3/3
   910 | D:2      | Found a faded altar of an unknown god.
  1389 | D:2      | Reached XP level 4. HP: 36/36 MP: 4/4
  1922 | D:3      | Noticed a moth of wrath
  1923 | D:3      | Noticed Grinder
  1934 | D:3      | Killed from afar by Grinder

Illustrated notes

Levels and vault maps discovered:
D:1:      scummos_arrival_checkerplants, layout_basic,
          minmay_misc_feat_ornament, minmay_hedge_maze
D:2:      layout_loops_ring, shapermc_ecumenical_altar_mp_ritualfount
D:3:      layout_rooms, lemuel_tele_altar, tgw_trog, uniq_grinder

Skill      XL: |  1  2  3 |
---------------+----------+-----
Fighting       | 3 |  3.9
Dodging        | 3 |  3.4
Ranged Weapons | |  4.6
Stealth        | |  0.8

Action                     |  1- 3 |  4- 6 || total
---------------------------+-------+-------++-------
   Fire: Shortbow          |   103 |    66 ||   169
Ability: Hop               |       |     1 ||     1
    Use: Potion            |       |     1 ||     1
 Armour: Leather armour    |     8 |     2 ||    10
  Dodge: Dodged            |    12 |    24 ||    36

Table legend: (Time is in decaauts)
 A = Elapsed time spent in this place.
 B = Non-inter-level travel time spent in this place.
 C = Inter-level travel time spent in this place.
 D = Time resting spent in this place.
 E = Time spent auto-exploring this place.
 F = Levels seen in this place.
 G = Mean time per level.
                   A        B        C        D        E       F      G
               +--------+--------+--------+--------+--------+-----+--------+
         Total |   2297 |   2146 |    151 |      0 |   1761 |   3 |  765.7 |
       Dungeon |   2297 |   2146 |    151 |      0 |   1761 |   3 |  765.7 |
               +--------+--------+--------+--------+--------+-----+--------+

Top non-repeatable levels by time:
     D:1: 1044 daAuts
     D:2: 919 daAuts
     D:3: 333 daAuts
